 Dungeon Crawl Stone Soup version 0.30-a0-672-gc3a7216ad8 (webtiles) character file.

Game seed: 10944268739851271360

27 greasedhog the Covered (level 3, -3/23 HPs)
             Began as a Tengu Fighter on Jan 18, 2023.
             Killed from afar by Jessica (14 damage)
             ... with a bolt of dispelling energy
             ... on level 2 of the Dungeon.
             The game lasted 00:01:19 (831 turns).

greasedhog the Covered (Tengu Fighter)               Turns: 831, Time: 00:01:20

Health: -3/23      AC:  6    Str: 24    XL:     3   Next: 10%
Magic:  4/4        EV:  9    Int:  8    God:
Gold:   19         SH:  4    Dex: 13    Spells: 2/2 levels left

rFire   . . .      SeeInvis .    a - +0 war axe
rCold   . . .      Faith    .    c - +0 buckler
rNeg    . . .      Spirit   .    b - +0 scale mail
rPois   .          Reflect  .    (helmet restricted)
rElec   .          Harm     .    (no cloak)
rCorr   .          Rampage  .    (no gloves)
Will    .....                    (boots unavailable) Stlth
                                 (no amulet)
HPRegen 0.23/turn                e - +6 ring of strength
MPRegen 0.09/turn                (no ring)

@: no status effects
A: beak, talons 3
a: no special abilities


You were on level 2 of the Dungeon.
You visited 1 branch of the dungeon, and saw 2 of its levels.

You collected 41 gold pieces.
You spent 22 gold pieces at shops.

Inventory:

Hand Weapons
 a - a +0 war axe (weapon)
Armour
 b - a +0 scale mail (worn)
 c - a +0 buckler (worn)
Jewellery
 e - a +6 ring of strength (left hand)
Scrolls
 g - a scroll of fog
Potions
 d - a potion of might
 f - a potion of berserk rage
 j - a potion of flight


   Skills:
 + Level 3.3 Fighting
 * Level 3.1 Axes
 + Level 3.6 Armour
 - Level 3.0 Shields


You had 2 spell levels left.
You didn't know any spells.
Your spell library contained the following spells:

 Spells                   Type           Power      Damage    Failure   Level
 Blink                    Tloc           0%         N/A       91%         2
 Lesser Beckoning         Tloc           0%         N/A       91%         2
 Momentum Strike          Conj/Tloc      0%         3d8       91%         2


Dungeon Overview and Level Annotations

Branches:
Dungeon (2/15)

Altars:

Shops:
D:1 ?=

Annotations:
D:2 Jessica


Innate Abilities, Weirdness & Mutations

You have a beak for a mouth.
You have claws for feet.


Message History

You open the door.
There is an open door here.
You now have 19 gold pieces (gained 3).
You see here a scroll of noise.
Done exploring.
Done exploring.
(D) Dungeon
Where to? (Enter - D:1 @ (x,y), ? - help)
What level of the Dungeon? (default 1, ? - help)
There is an open door here.
There is an open door here.
You see here a +0 dagger.
There is an open door here.
There is a stone staircase leading down here.
You climb downwards.
There is a stone staircase leading up here.
Found a ring mail.
You open the door.
There is an open door here.
Jessica the Apprentice Sorceress comes into view.
She is wielding a +0 dagger and carrying a wand of quicksilver (6).
Jessica shouts!
Jessica zaps a wand.
The bolt of dispelling energy hits you!
Ouch! That really hurt!
Jessica is nearby!
You are too injured to fight recklessly!
There is an open door here.
There is a stone staircase leading up here.
You climb upwards.
There is a stone staircase leading down here.
You start resting.
HP restored.
You climb downwards.
Level annotation: Jessica
There is a stone staircase leading up here.
Jessica zaps a wand.
The bolt of dispelling energy hits you!
Ouch! That really hurt!
You closely miss Jessica.
Jessica zaps a wand.
The bolt of dispelling energy hits you!
Ouch! That really hurt!
You die...

######### #.......#
##[####.#
#######.####.#
..........<#.# ...
.......@####.### ....
##......@###...####....
#.......'.............
.........###...........
#........# #...........
#........###...........
#...#.........#........
#..##.........#..@.####
.. +.....^...#........


You could see Jessica.

Vanquished Creatures
  2 dart slugs (D:1)
  3 ball pythons (D:1)
  An endoplasm (D:1)
  3 giant cockroaches (D:1)
  A hobgoblin (D:1)
  5 bats (D:1)
  A frilled lizard (D:1)
  A goblin (D:1)
  2 kobolds (D:1)
  4 rats (D:1)
23 creatures vanquished.

Notes
Turn   | Place    | Note
-------+----------+-------------------------------------------
     0 | D:1      | greasedhog the Tengu Fighter began the quest for the Orb.
     0 | D:1      | Reached XP level 1. HP: 14/14 MP: 2/2
   135 | D:1      | Found Giuwemi's One-of-a-Kind Rings.
   205 | D:1      | Reached XP level 2. HP: 19/19 MP: 3/3
   283 | D:1      | Found Keatod's Magic Scroll Boutique.
   432 | D:1      | Reached XP level 3. HP: 23/23 MP: 4/4
   473 | D:1      | Bought a scroll of identify for 22 gold pieces
   757 | D:2      | Noticed Jessica
   831 | D:2      | Killed from afar by Jessica

Illustrated notes

Levels and vault maps discovered:
D:1:      matt_arrival_spirals, layout_basic, serial_shops, shop_scrolls,
          nicolae_shop_unique_rings, minmay_stone_trees_small,
          minmay_pentomino_w2
D:2:      layout_basic, uniq_jessica

Skill      XL: |  1  2 |
---------------+-------+-----
Axes           | 3 |  3.1
Fighting       | |  3.3
Armour         | |  3.6
Shields        | |  3.0

Action                   || total
-------------------------++-------
Melee: War axe           ||    45
       Kick              ||    11
       Peck              ||     4
  Use: Scroll            ||     4
Armor: Scale mail        ||    17
Dodge: Dodged            ||    22
Block: Buckler           ||    15

Table legend: (Time is in decaauts)
 A = Elapsed time spent in this place.
 B = Non-inter-level travel time spent in this place.
 C = Inter-level travel time spent in this place.
 D = Time resting spent in this place.
 E = Time spent auto-exploring this place.
 F = Levels seen in this place.
 G = Mean time per level.
                   A        B        C        D        E       F      G
               +--------+--------+--------+--------+--------+-----+--------+
         Total |    848 |    760 |     88 |     55 |    565 |   2 |  424.0 |
       Dungeon |    848 |    760 |     88 |     55 |    565 |   2 |  424.0 |
               +--------+--------+--------+--------+--------+-----+--------+

Top non-repeatable levels by time:
     D:1: 800 daAuts
     D:2: 48 daAuts
